 Dungeon Crawl Stone Soup version 0.25-a0-246-g58704a1ebd (webtiles) character file.

Game seed: 4301387253668655255, levelgen mode: deterministic

231 Borgoz the Shield-Bearer (level 6, 0/38 HPs)
             Began as a Gargoyle Fighter on Dec 3, 2019.
             Was an Initiate of Okawaru.
             Killed by divine providence
             ... invoked by an orc priest
              (11 damage)
             ... on level 4 of the Dungeon.
             The game lasted 00:04:00 (2064 turns).

Borgoz the Shield-Bearer (Gargoyle Fighter)         Turns: 2064, Time: 00:04:01

Health: 0/38       AC: 11    Str: 20    XL:     6   Next: 3%
Magic:  6/6        EV:  8    Int:  8    God:    Okawaru [......]
Gold:   53         SH:  9    Dex: 11    Spells: 5/5 levels left

rFire    . . .     SeeInvis .   a - +0 flail
rCold    . . .     Gourm    .   c - +0 shield
rNeg     + . .     Faith    .   b - +0 scale mail
rPois    ∞         Spirit   .   (no helmet)
rElec    +         Reflect  .   (no cloak)
rCorr    .         Harm     .   (no gloves)
MR       .....                  (no boots)
Stlth    ..........             (no amulet)
HPRegen  0.12/turn              (no ring)
MPRegen  0.10/turn              (no ring)

@: no status effects
A: negative energy resistance 1, electricity resistance, unbreathing,
petrification resistance, rot immunity, AC +4
a: Renounce Religion


You were on level 4 of the Dungeon.
You worshipped Okawaru.
Okawaru was noncommittal.
You were not hungry.

You visited 1 branch of the dungeon, and saw 4 of its levels.

You collected 53 gold pieces.

Inventory:

Hand Weapons
 a - a +0 flail (weapon)
 r - a cursed +0 flail
Armour
 b - a +0 scale mail (worn)
 c - a +0 shield (worn)
Jewellery
 l - an uncursed ring of fire {unknown}
Scrolls
 e - 2 scrolls of amnesia {unknown}
 h - a scroll of noise {unknown}
 j - 2 scrolls of teleportation {unknown}
 n - a scroll of identify {unknown}
 p - 2 scrolls of remove curse {unknown}
Potions
 d - 3 potions of might
 g - a potion of haste {unknown}
 i - a potion of agility {unknown}
 k - a potion of magic {unknown}
 m - a potion of degeneration {unknown}
 o - a potion of brilliance {unknown}
Comestibles
 f - 5 rations
 q - 2 chunks of flesh


   Skills:
 * Level 4.3 Fighting
 * Level 3.2 Maces & Flails
 * Level 4.3 Armour
 + Level 1.2 Dodging
 * Level 4.5 Shields
 + Level 0.9 Invocations


You had 5 spell levels left.
You didn't know any spells.
Your spell library was empty.

Dungeon Overview and Level Annotations

Branches:
Dungeon (4/15)             Temple (0/1) D:4

Altars:
Fedhas
Okawaru
Uskayaw


Innate Abilities, Weirdness & Mutations

You are resistant to torment.
Your stone body is resilient. (AC +4)
You are immune to poison.
You resist negative energy. (rN+)
You are resistant to electric shocks. (rElec)
You can survive without breathing.
You are immune to petrification.
You are immune to rotting.


Message History

You hit the orc priest but do no damage.
The orc priest hits you but does no damage.
You hit the orc priest but do no damage.
You block the orc priest's attack.
You barely miss the orc priest. The orc priest barely misses you.
The orc priest hits you.
Your scale mail prevents you from hitting the orc priest.
The orc priest hits you but does no damage.
You barely miss the orc priest. The orc priest hits you.
* * * LOW HITPOINT WARNING * * *
Okay, then.
You barely miss the orc priest.
The orc priest hits you but does no damage.
You block the orc priest's attack.
You hit the orc priest but do no damage.
The orc priest hits you but does no damage.
You hit the orc priest but do no damage.
The orc priest calls down the wrath of Beogh upon you.
Beogh smites you!
You die...

.. ###.##### #.....#..
.......### ....... .
#.... #..##..##########
#.....lo@........
#...#..##........ #.
#...#.....#...... ...
#.###...#.....# ##...
...##.............# ..
..................#.#
....##................
.........#....#<..#.#..
......#..#....##..#...


You could see an orc priest and a frilled lizard.

Vanquished Creatures
  A black bear (D:3)
  Terence (D:2)
  A hound skeleton (D:2)
  4 adders
  An ooze (D:1)
  3 worms (D:2)
  2 dart slugs (D:1)
  A leopard gecko (D:2)
  2 orcs (D:3)
  2 bats
  2 giant cockroaches
  5 goblins
  6 hobgoblins
  4 frilled lizards
  9 kobolds
  A leopard gecko zombie (D:3)
  6 rats
51 creatures vanquished.

Notes
Turn   | Place    | Note
-------+----------+-------------------------------------------
     0 | D:1      | Borgoz the Gargoyle Fighter began the quest for the Orb.
     0 | D:1      | Reached XP level 1. HP: 14/14 MP: 1/1
   197 | D:1      | Reached XP level 2. HP: 19/19 MP: 2/2
   591 | D:1      | Reached XP level 3. HP: 20/23 MP: 3/3
   646 | D:2      | Noticed Terence
   663 | D:2      | Killed Terence
   663 | D:2      | Reached XP level 4. HP: 16/29 MP: 4/4
   927 | D:2      | Reached skill level 1 in Dodging
  1001 | D:2      | Noticed a +0 hand axe
  1006 | D:2      | Noticed a +0 hand axe
  1008 | D:2      | Found a hide-covered altar of Uskayaw.
  1062 | D:2      | Found a blossoming altar of Fedhas.
  1125 | D:2      | Found an iron altar of Okawaru.
  1229 | D:2      | Became a worshipper of Warmaster Okawaru
  1456 | D:3      | Reached XP level 5. HP: 32/33 MP: 5/5
  1518 | D:3      | Noticed a black bear
  1528 | D:3      | Killed a black bear
  1537 | D:3      | Reached XP level 6. HP: 21/38 MP: 6/6
  2040 | D:4      | Found a staircase to the Ecumenical Temple.
  2064 | D:4      | Killed from afar by an orc priest

Levels and vault maps discovered:
D:1:      zaba_arrival_water, layout_rooms, nrook_campfire
D:2:      layout_basic, dancing_weapons_uskayaw, fedhas_altar_1,
          old_standard_altar, first_ration, uniq_terence
D:3:      layout_rooms, serial_park_tiny_2, minmay_misc_feat_tiny
D:4:      layout_basic, minmay_temple_entry_overgrown, feat_on_display,
          uniq_eustachio, uniq_blork_the_orc, uniq_duvessa, uniq_edmund

Skill      XL: |  1  2  3  4  5 |
---------------+----------------+-----
Shields        | 4 |  4.5
Dodging        | 1 |  1.2
Fighting       | 4 |  4.3
Armour         | 4 |  4.3
Maces & Flails | 3 |  3.2
Invocations    | |  0.9

Action                   |  1- 3 |  4- 6 || total
-------------------------+-------+-------++-------
Melee: Flail             |    77 |   173 ||   250
  Eat: Chunk             |       |     4 ||     4
Armor: Scale mail        |    52 |   142 ||   194
Dodge: Dodged            |    39 |    64 ||   103
Block: Shield            |    61 |   131 ||   192

Table legend:
 A = Non-vault XP
 B = Vault XP
 C = Vault XP percentage of total XP
 D = Non-vault monster count
 E = Vault monster count
 F = Vault count percentage of total count
                 A         B        C        D         E       F
            +---------+---------+-------+---------+---------+-------
      Total |     298 |      32 |   9.7 |      50 |       1 |   2.0
            +---------+---------+-------+---------+---------+-------
        D:1 |      42 |       0 |   0.0 |      13 |       0 |   0.0
        D:2 |      56 |      32 |  36.4 |      17 |       1 |   5.6
        D:3 |     200 |       0 |   0.0 |      20 |       0 |   0.0
            +---------+---------+-------+---------+---------+-------
